 Dungeon Crawl Stone Soup version 0.32-a0-616-g9348d4545b (webtiles) character file.

Game seed: 11176541054946531769

191 Dittersdorf the Shield-Bearer (level 5, -3/34 HPs)
             Began as a Gargoyle Fighter on Mar 5, 2024.
             Slain by a goblin
             ... wielding a +0 dagger
             ... led by Robin
              (5 damage)
             ... on level 3 of the Dungeon.
             The game lasted 00:01:55 (2317 turns).

Dittersdorf the Shield-Bearer (Gargoyle Fighter)    Turns: 2317, Time: 00:01:55

Health: -3/34      AC: 12    Str: 22    XL:     5   Next: 70%
Magic:  5/5        EV:  9    Int:  8    God:
Gold:   127        SH:  4    Dex:  9    Spells: 4/4 levels left

rFire   . . .        a - +0 flail
rCold   . . .        c - +0 buckler
rNeg    + . .        b - +0 scale mail
rPois   ∞            (no helmet)
rElec   +            (no cloak)
rCorr   +            p - +0 pair of gloves
SInv    +            (no boots)
Will    .....        (no amulet) Stlth
                     e - ring of see invisible
HPRegen 0.25/turn    m - ring of resist corrosion
MPRegen 0.09/turn

%: no passive effects
@: no status effects
A: sickness immunity, AC +4, negative energy resistance 1, electricity
resistance, torment resistance 1, petrification resistance
a: no special abilities


You were on level 3 of the Dungeon.
You visited 1 branch of the dungeon, and saw 3 of its levels.

You collected 127 gold pieces.

Inventory:

Hand Weapons
 a - a +0 flail (weapon)
Armour
 b - a +0 scale mail (worn)
 c - a +0 buckler (worn)
 o - a +0 plate armour
 p - a +0 pair of gloves (worn)
Jewellery
 e - a ring of see invisible (left hand)
 m - a ring of resist corrosion (right hand)
Scrolls
 g - 2 scrolls of fog {unknown}
 h - a scroll of identify {unknown}
 i - a scroll of teleportation {unknown}
 k - a scroll of silence {unknown}
 n - a scroll of summoning {unknown}
 q - a scroll of enchant armour {unknown}
Potions
 d - 3 potions of might
 f - a potion of cancellation {unknown}
 j - 2 potions of heal wounds {unknown}
 l - a potion of invisibility {unknown}
 r - a potion of brilliance {unknown}
 s - a potion of enlightenment {unknown}
 t - 2 potions of curing {unknown}


   Skills:
 + Level 4.3 Fighting
 + Level 3.3 Maces & Flails
 + Level 4.4 Armour
 + Level 4.4 Shields


You had 4 spell levels left.
You didn't know any spells.
Your spell library contained the following spells:

 Spells                   Type           Power      Damage    Failure   Level
 Apportation              Tloc           0%         N/A       80%         1
 Foxfire                  Conj/Fire      0%         2x1d4     80%         1
 Dazzling Flash           Conj/Hex       0%         N/A       99%         3
 Fugue of the Fallen      Necr           0%         N/A       99%         3
 Mephitic Cloud           Conj/Alch/Air  0%         N/A       99%         3
 Ozocubu's Armour         Ice            0%         N/A       99%         3
 Passwall                 Erth           0%         N/A       99%         3
 Teleport Other           Tloc           0%         N/A       99%         3
 Vampiric Draining        Necr           0%         2d6       99%         3
 Volatile Blastmotes      Fire/Tloc      0%         2d10      99%         3
 Dispel Undead            Necr           0%         3d6       100%        4
 Fulminant Prism          Conj/Alch      0%         3d5       100%        4
 Iskenderun's Mystic Bla  Conj/Tloc      0%         2d3       100%        4
 Curse of Agony           Necr           0%         N/A       100%        5
 Metabolic Englaciation   Hex/Ice        0%         N/A       100%        5
 Silence                  Hex/Air        0%         N/A       100%        5
 Plasma Beam              Fire/Air       0%         2x1d10    100%        6
 Sculpt Simulacrum        Ice/Alch       0%         N/A       100%        6
 Starburst                Conj/Fire      0%         6d3       100%        6
 Death's Door             Necr           0%         N/A       100%        9


Dungeon Overview and Level Annotations

Branches:
Dungeon (3/15)

Altars:
Zin

Annotations:
D:3 Robin


Innate Abilities, Weirdness & Mutations

You are immune to sickness and miasma.
Your stone body is resilient. (AC +4)
You are immune to poison.
You resist negative energy. (rN+)
You are resistant to electric shocks. (rElec)
You are resistant to unholy torment.
You are immune to petrification.


Message History

Ijyb is almost dead.
The goblin hits you but does no damage. You block Ijyb's attack.
The goblin hits you but does no damage.
You thump Ijyb!
You kill Ijyb!
The goblin hits you with a +0 dagger.
* * * LOW HITPOINT WARNING * * *
You block the goblin's attack.
You closely miss the goblin. You block the goblin's attack.
The goblin hits you but does no damage.
You hit the goblin.
The goblin is severely wounded.
The goblin hits you but does no damage. x2
You hit the goblin.
You kill the goblin!
Robin throws the goblin at you! You block the goblin's attack.
You completely miss the goblin. The goblin hits you but does no damage.
You block the goblin's attack. x2; The goblin hits you but does no damage.
You hit the goblin.
The goblin is moderately wounded.
The goblin hits you but does no damage. x2
You closely miss the goblin.
The goblin is moderately wounded.
The goblin hits you with a +0 dagger.
* * * LOW HITPOINT WARNING * * *
The goblin hits you but does no damage.
You closely miss the goblin.
The goblin is moderately wounded.
The goblin no longer looks unusually strong.
The goblin hits you but does no damage.
Robin roars a battlecry!
The goblin goes into a battle-frenzy!
The goblin hits you with a +0 dagger.
* * * LOW HITPOINT WARNING * * *
You miss the goblin.
The goblin is moderately wounded.
The goblin no longer looks unusually strong.
The goblin hits you but does no damage. x2
The goblin hits you with a +0 dagger.
You die...

...........# #.#.#
####.....### #.#.#
##...## # ###.#.#
##.## ##.#...<.#
#.# #?......g# #.#
#.......g# #.#
#..?..ggg########.#
#...gggg@g.....#
################


You could see Robin, 2 hobgoblins and 5 goblins.

Vanquished Creatures
  A bullfrog (D:3)
  Ijyb (D:3)
  Terence (D:3)
  An adder (D:2)
  A ribbon worm (D:2)
  5 bats
  5 endoplasms
  2 giant cockroaches (D:2)
  8 goblins
  5 hobgoblins
  4 jackals (D:3)
  5 quokkas
  7 ball pythons
  5 frilled lizards
  4 kobolds
  9 rats
64 creatures vanquished.

Notes
Turn   | Place    | Note
-------+----------+-------------------------------------------
     0 | D:1      | Dittersdorf the Gargoyle Fighter began the quest for the
                  | Orb.
     0 | D:1      | Reached XP level 1. HP: 14/14 MP: 1/1
    94 | D:1      | Reached XP level 2. HP: 19/19 MP: 2/2
   483 | D:1      | Reached XP level 3. HP: 23/23 MP: 3/3
   488 | D:1      | Got Saskoa's Writings on Remains
  1125 | D:2      | Found a glowing silver altar of Zin.
  1271 | D:2      | Got the Encyclopedia of the Rough Map
  1292 | D:2      | Found a faded altar of an unknown god.
  1400 | D:2      | Reached XP level 4. HP: 28/29 MP: 4/4
  1977 | D:3      | Noticed a bullfrog
  1985 | D:3      | Killed a bullfrog
  1986 | D:3      | Reached XP level 5. HP: 24/33 MP: 5/5
  2056 | D:3      | Noticed Terence
  2074 | D:3      | Killed Terence
  2285 | D:3      | Noticed Ijyb
  2287 | D:3      | Noticed Robin
  2309 | D:3      | Killed Ijyb
  2317 | D:3      | Slain by a goblin

Illustrated notes

Levels and vault maps discovered:
D:1:      sevenhm_arrival_forest_fort_small_3, layout_basic
D:2:      layout_loops_corners, shapermc_ecumenical_altar_mp_urbaneastern,
          basic_altar
D:3:      layout_loops_ring, uniq_terence, uniq_ijyb, uniq_robin

Skill      XL: |  1  2  3  4 |
---------------+-------------+-----
Fighting       | 4 |  4.3
Maces & Flails | 3 |  3.3
Armour         | 4 |  4.4
Shields        | 4 |  4.4

Action                     |  1- 3 |  4- 6 || total
---------------------------+-------+-------++-------
  Melee: Flail             |   155 |   107 ||   262
 Armour: Scale mail        |   157 |   126 ||   283
  Dodge: Dodged            |   140 |    56 ||   196
  Block: Buckler           |    53 |    35 ||    88

Table legend: (Time is in decaauts)
 A = Elapsed time spent in this place.
 B = Non-inter-level travel time spent in this place.
 C = Inter-level travel time spent in this place.
 D = Time resting spent in this place.
 E = Time spent auto-exploring this place.
 F = Levels seen in this place.
 G = Mean time per level.
                   A        B        C        D        E       F      G
               +--------+--------+--------+--------+--------+-----+--------+
         Total |   2392 |   2254 |    138 |    106 |   1590 |   3 |  797.3 |
       Dungeon |   2392 |   2254 |    138 |    106 |   1590 |   3 |  797.3 |
               +--------+--------+--------+--------+--------+-----+--------+

Top non-repeatable levels by time:
     D:2: 994 daAuts
     D:1: 790 daAuts
     D:3: 607 daAuts
